 Dungeon Crawl Stone Soup version 0.18.1-50-g88ac8fd (console) character file.

3497 CALLOUS the Thaumaturge (level 9, -1/45 HPs)
             Began as a Deep Elf Ice Elementalist on July 30, 2018.
             Was a Believer of Kikubaaqudgha.
             Slain by a wyvern (9 damage)
             ... on level 10 of the Dungeon.
             The game lasted 04:47:27 (13998 turns).

CALLOUS the Thaumaturge (DEIE)                     Turns: 13998, Time: 04:47:28

Health: -1/45      AC: 12    Str:  5    XL:     9   Next: 80%
Magic:  18/26      EV: 17    Int: 24    God:    Kikubaaqudgha [**....]
Gold:   345        SH:  0    Dex: 15    Spells: 7 memorised, 13 levels left

rFire  . . .     SeeInvis .     a - +0 dagger
rCold  . . .     Gourm    .     x - +0 robe
rNeg   . . .     Faith    .     (no shield)
rPois  .         Spirit   .     (no helmet)
rElec  .         Dismiss  +     l - +0 cloak
rCorr  .         Reflect  .     (no gloves)
SustAt .         Harm     .     v - +0 pair of boots
MR     .....                    h - amulet of dismissal
Stlth  +++.......               (no ring)
                                (no ring)

@: icy armour, slow, not resistant to hostile enchantments, fairly stealthy
A: no striking features
a: Receive Corpses, Renounce Religion


You were on level 10 of the Dungeon.
You worshipped Kikubaaqudgha.
Kikubaaqudgha was pleased with you.
You were near starving.

You visited 2 branches of the dungeon, and saw 12 of its levels.

You collected 401 gold pieces.
You spent 56 gold pieces at shops.

Inventory:

Hand Weapons
 a - a +0 dagger (weapon)
 b - a +0 hunting sling
 s - a cursed -3 short sword
 A - a cursed +3 spear of freezing
 C - a +0 hand crossbow
 D - a +1 whip of freezing
 N - a cursed -3 trident
 S - a +1 falchion of holy wrath
 T - a +0 shortbow
 W - a +2 great sword
 X - a +0 trident
Missiles
 g - 295 stones (quivered)
 z - 19 sling bullets
 G - 33 bolts
 U - 85 arrows
Armour
 l - a +0 cloak (worn)
 v - a +0 pair of boots (worn)
 x - a +0 robe (worn)
 P - a +0 cloak
Magical Staves
 Z - an uncursed staff of cold {unknown}
Jewellery
 h - an amulet of dismissal (around neck)
 j - an uncursed amulet of dismissal
 Y - an uncursed ring of protection from cold {unknown}
Wands
 r - a wand of confusion (14/48)
 I - a wand of lightning (5/15)
 K - a wand of iceblast (6/15)
Scrolls
 d - a scroll of fog {unknown}
 i - 7 scrolls of recharging {unknown}
 k - 3 scrolls of remove curse {shop, unknown}
 o - a scroll of amnesia {unknown}
 q - a scroll of enchant weapon {unknown}
 t - 2 scrolls of random uselessness {unknown}
 E - 4 scrolls of identify {unknown}
 F - 5 scrolls of magic mapping {unknown}
 J - a scroll of noise {unknown}
 L - 2 scrolls of enchant armour {shop, unknown}
 M - a scroll of summoning {unknown}
 Q - 4 scrolls of fear {unknown}
 V - a scroll of teleportation {unknown}
Potions
 e - a potion of flight
 m - a potion of cure mutation {unknown}
 n - 4 potions of curing
 B - a potion of degeneration {unknown}
 H - a potion of haste {unknown}
 O - 2 potions of heal wounds
Books
 y - a book of Frost

   Spells                             Type                      Level
   a - Freeze                         Ice                          1
   b - Throw Frost                    Conjuration/Ice              2
   c - Ozocubu's Armour               Charms/Ice                   3
   d - Throw Icicle                   Conjuration/Ice              4
   e - Summon Ice Beast               Ice/Summoning                4
 R - Kikubaaqudgha's Compendium of Necromancy
   (Kikubaaqudgha gifted it to you on level 8 of the Dungeon)

   Spells                             Type                      Level
   a - Pain                           Necromancy                   1
   b - Corpse Rot                     Necromancy                   2
   c - Sublimation of Blood           Necromancy                   2
   d - Vampiric Draining              Necromancy                   3
   e - Control Undead                 Necromancy                   4
Miscellaneous
 u - a plain deck of summoning
 w - a plain deck of changes
Comestibles
 c - 10 bread rations
 f - 3 meat rations
 p - 2 beef jerkies


   Skills:
 + Level 2.1 Bows
 * Level 8.2 Dodging
 + Level 3.8 Stealth
 * Level 11.8 Spellcasting
   Level 1.1 Conjurations
 * Level 6.7 Charms
 + Level 0.4 Summonings
 * Level 3.5 Necromancy
 + Level 6.7 Ice Magic


You had 13 spell levels left.
You knew the following spells:

 Your Spells              Type           Power        Failure   Level  Hunger
a - Freeze                Ice            ####         1%          1    None
b - Ozocubu's Armour      Chrm/Ice       #####...     1%          3    None
c - Summon Ice Beast      Ice/Summ       ####....     12%         4    None
d - Pain                  Necr           ####         1%          1    None
e - Corpse Rot            Necr           N/A          1%          2    None
f - Vampiric Draining     Necr           ####......   2%          3    None
g - Control Undead        Necr           ####......   12%         4    None


Dungeon Overview and Level Annotations

Branches:
Dungeon (11/15)            Temple (1/1) D:4
   Lair: D:8-11         Orc: D:9-12

Altars:
Ashenzari
Cheibriados
Gozag
Kikubaaqudgha
Pakellas
Qazlal
Vehumet
Xom

Shops:
D:8 *   D:11 }

Annotations:
D:2 Crazy Yiuf
D:4 exclusion: 2 worker ants, Blork the orc, Sigmund
D:5 exclusions: ice beast and sky beast, Pikel
D:6 exclusions: water moccasin and worker ant, Dowan
D:7 exclusion: 2 orc priests, Joseph
D:9 exclusions: sky beast and water moccasin
D:10 unseen


Message History

A film of ice covers your body!
The wyvern is engulfed in dark miasma.
The wyvern looks even sicker.
The wyvern barely misses you.
Press: ? - help, v - describe, . - travel, g - get item
Here: a wyvern (foul pestilence, moderately wounded, poisoned)
A short sword.
There is something else lying underneath.
The floor.
Unknown command.
Casting: Ozocubu's Armour
Confirm with . or Enter, or press ? or * to list all spells.
Aiming: Vampiric Draining
Press: ? - help, Shift-Dir - straight line, f - wyvern
Aim: a wyvern (foul pestilence, moderately wounded, poisoned)
The wyvern is severely wounded.
You feel life coursing into your body.
The wyvern is engulfed in dark miasma.
The wyvern looks even sicker.
The wyvern hisses menacingly.
The wyvern closely misses you.
The wyvern is engulfed in dark miasma.
The wyvern bites you!
You die...
Kikubaaqudgha rasps: "You have failed me!
Welcome... death!"

.....# #.....#. #.# ...).#
#.....#.##.# ...o.#
#.....#..#.# .....#
#.....##.#.# .....#
#.....##...#
.....#####.....###.[##
........['....[[....<###
###......#.....###.....#
#......#.....^<#..##.#
#......#......##..##.#
#........#......@l..##.####
#........#.....###........#
.....#####.....# #.>......#
#.... ####### #........#
#.##. #........# #.
##+##...... ########


You could see a wyvern.

Vanquished Creatures
  A spriggan (D:7)
  A hippogriff (D:8)
  Eustachio (D:5)
  Edmund (D:6)
  An orc warrior (D:10)
  A black bear (D:8)
  4 phantoms
  4 ogres
  2 centaurs
  2 big kobolds
  4 giant frogs
  A scorpion (D:8)
  7 wights
  A howler monkey (D:7)
  2 crimson imps
  A giant frog zombie (D:8)
  2 centaur zombies
  A quasit (D:8)
  9 hounds
  4 orc wizards (D:9)
  3 orc priests
  2 jellies
  3 giant frog skeletons
  An iguana (D:6)
  A worker ant (D:6)
  A hound zombie (D:8)
  2 hound skeletons
  A howler monkey zombie (D:5)
  A worker ant zombie (D:8)
  9 adders
  7 gnolls
  2 shadow imps (D:8)
  An ooze (D:2)
  2 worms
  A dart slug (D:2)
  3 giant geckos
  8 orcs
  2 ball pythons
  9 giant cockroaches
  13 goblins
  9 hobgoblins
  16 jackals
  2 quokkas
  8 bats
  A giant gecko skeleton (D:9)
  4 giant newts
  19 kobolds
  A kobold skeleton (D:5)
  2 quokka skeletons
  6 rats
190 creatures vanquished.

Vanquished Creatures (collateral kills)
  A centaur (D:8)
  A big kobold (D:8)
  A giant frog (D:8)
  2 wights
  2 howler monkeys (D:8)
  An adder (D:10)
  An orc (D:9)
  6 kobolds (D:8)
15 creatures vanquished.

Grand Total: 205 creatures vanquished

Notes
Turn   | Place    | Note
--------------------------------------------------------------
     0 | D:1      | CALLOUS the Deep Elf Ice Elementalist began the quest for the Orb.
     0 | D:1      | Reached XP level 1. HP: 10/10 MP: 6/6
   391 | D:1      | Reached XP level 2. HP: 15/15 MP: 6/8
   493 | D:1      | You fall through a shaft!
  1627 | D:2      | Reached skill level 4 in Spellcasting
  1768 | D:2      | Reached XP level 3. HP: 19/19 MP: 8/10
  1773 | D:2      | Learned a level 3 spell: Ozocubu's Armour
  2449 | D:2      | Noticed Crazy Yiuf
  2772 | D:2      | Found a shimmering altar of Xom.
  2775 | D:2      | Found an opulent altar of Gozag.
  3905 | D:3      | Reached XP level 4. HP: 24/24 MP: 10/12
  3929 | D:3      | Reached skill level 5 in Spellcasting
  4548 | D:2      | Found a shattered altar of Ashenzari.
  5146 | D:4      | Reached skill level 1 in Charms
  5146 | D:4      | Reached XP level 5. HP: 25/28 MP: 13/15
  5447 | D:4      | Noticed Blork the orc
  5452 | D:4      | Noticed Sigmund
  5714 | D:4      | Found a staircase to the Ecumenical Temple.
  5736 | Temple   | Entered the Ecumenical Temple
  5772 | Temple   | Became a worshipper of Kikubaaqudgha
  5993 | D:5      | Entered Level 5 of the Dungeon
  6305 | D:5      | Reached skill level 6 in Spellcasting
  6380 | D:5      | Noticed a phantom
  6416 | D:5      | Reached XP level 6. HP: 26/32 MP: 11/17
  7165 | D:5      | Reached skill level 5 in Dodging
  7215 | D:5      | Noticed an ice beast
  7344 | D:5      | Noticed Eustachio
  7399 | D:5      | Killed Eustachio
  7399 | D:5      | Reached skill level 7 in Spellcasting
  7399 | D:5      | Reached XP level 7. HP: 23/36 MP: 6/19
  7515 | D:5      | Noticed Pikel
  7683 | D:6      | Reached skill level 5 in Ice Magic
  7737 | D:6      | Found a radiant altar of Vehumet.
  7924 | D:6      | Noticed Edmund
  7936 | D:6      | Killed Edmund
  8167 | D:6      | Noticed Dowan
  8224 | D:6      | Reached skill level 8 in Spellcasting
  8646 | D:7      | Reached XP level 8. HP: 41/41 MP: 18/22
  8652 | D:7      | Learned a level 4 spell: Summon Ice Beast
  8683 | D:7      | Reached skill level 9 in Spellcasting
  8721 | D:7      | Noticed Joseph
  9185 | D:8      | Reached * piety under Kikubaaqudgha
  9185 | D:8      | Received a gift from Kikubaaqudgha
  9186 | D:8      | Identified Kikubaaqudgha's Compendium of Necromancy (Kikubaaqudgha gifted it to you on level 8 of the Dungeon)
  9189 | D:8      | Learned a level 1 spell: Pain
  9192 | D:8      | Learned a level 2 spell: Corpse Rot
  9196 | D:8      | Learned a level 3 spell: Vampiric Draining
  9201 | D:8      | Learned a level 4 spell: Control Undead
  9402 | D:8      | Reached skill level 1 in Necromancy
  9693 | D:8      | HP: 1/41 [wight/enchanted great sword (5)]
  9703 | D:8      | Reached skill level 5 in Charms
  9802 | D:8      | Reached skill level 10 in Spellcasting
 10311 | D:8      | Reached XP level 9. HP: 30/45 MP: 18/25
 10485 | D:8      | Reached skill level 1 in Bows
 11557 | D:8      | Found Yngy's Assorted Antiques.
 11564 | D:8      | Bought a scroll labeled PEMMONLE LYDYX for 28 gold pieces
 11564 | D:8      | Bought a scroll labeled URCHIA TIODOCVEE for 28 gold pieces
 12246 | D:9      | Reached skill level 11 in Spellcasting
 12646 | D:9      | Found a stormy altar of Qazlal.
 13561 | D:10     | Entered Level 10 of the Dungeon
 13696 | D:10     | Reached ** piety under Kikubaaqudgha
 13934 | D:11     | Found Bihoiluf's Gadget Shop.
 13998 | D:10     | Slain by a wyvern

Skill      XL: |  1  2  3  4  5  6  7  8  9 |
---------------+----------------------------+-----
Spellcasting   | 4 5 6 7 8 10 11 | 11.8
Dodging        | 3 4 5 7 8 |  8.2
Charms         | 1 3 4 5 6 |  6.7
Ice Magic      | 4 5 6 |  6.7
Stealth        | 3 |  3.8
Necromancy     | 2 3 |  3.5
Bows           | 2 |  2.1
Conjurations   | |  1.1
Summonings     | |  0.4

Action                   |  1- 3 |  4- 6 |  7- 9 || total
-------------------------+-------+-------+-------++-------
Melee: Unarmed           |    39 |     4 |       ||    43
       Dagger            |       |     4 |    12 ||    16
       Whip              |       |     2 |    23 ||    25
       Falchion          |       |       |    35 ||    35
 Fire: Hunting sling     |       |   286 |   241 ||   527
       Shortbow          |       |       |    75 ||    75
       Hand crossbow     |       |       |    15 ||    15
Throw: Stone             |   173 |     8 |     2 ||   183
 Cast: Freeze            |    67 |    47 |   145 ||   259
       Ozocubu's Armour  |       |    10 |    28 ||    38
       Control Undead    |       |       |     8 ||     8
       Summon Ice Beast  |       |       |     3 ||     3
       Pain              |       |       |    14 ||    14
       Corpse Rot        |       |       |     4 ||     4
       Vampiric Draining |       |       |     1 ||     1
Invok: Receive Corpses   |       |       |     1 ||     1
  Use: Potion            |     1 |       |     1 ||     2
 Stab: Sleeping          |     7 |       |     4 ||    11
       Distracted        |       |       |     1 ||     1
  Eat: Chunk             |     9 |     6 |    12 ||    27
       Meat ration       |       |     1 |     1 ||     2
       Pizza             |       |     1 |       ||     1
Armor: Robe              |    15 |    36 |    90 ||   141
Dodge: Dodged            |    52 |   107 |   297 ||   456
